AoeStats
← OM | Kerry Copyto

Nomad

506587775Analyzed
4v4 RM · 18d ago on Sep 14, 2026· 42m 21s· 8 players
Game mode
Random Map
Map size
231×231
Population
200
Speed
Normal
Resources
Standard
Victory
Conquest
Starting age
Dark Age
Ending age
Imperial Age
RankedLock teamsTeams togetherTeam positionsShared explorationLock speedFull tech treeHidden civsTurbo modeCheats
Victory
Defeat
🇦🇷 Wu · Argentina
1475
+13
🇨🇳 Huns · China
1470
+13
🇲🇽 Saracens · Mexico
1468
+13
🇹🇼 Sicilians · Taiwan
1422
+16
🇲🇽 Saracens · Mexico
1477
-16
🇲🇽 Spanish · Mexico
1414
-14
🇲🇽 Vietnamese · Mexico
1395
-13
🇲🇽 Celts · Mexico
1359
-12
GDL Paquita Industrial
4:49 Loom
13:33 Feudal Age
17:29 Castle Age
18:31 Double-Bit Axe
18:53 Gold Mining
21:32 Town Watch
23:16 Forging
24:18 Horse Collar
26:34 Iron Casting
27:04 Bow Saw
27:55 Gold Shaft Mining
27:38 Fletching
27:48 Padded Archer Armor
29:56 Ballistics
29:39 Crossbowman
31:08 Wheelbarrow
30:54 Bodkin Arrow
32:45 Leather Archer Armor
33:09 Hand Cart
33:50 Heavy Plow
37:49 Imperial Age
37:47 Thumb Ring
39:44 Chemistry
39:06 Conscription
40:05 Two-Man Saw
39:20 Bracer
40:19 Arbalester
42:18 Ring Archer Armor
ggsadpom,sdf
4:22 Loom
13:50 Feudal Age
18:05 Castle Age
17:22 Fishing Lines
19:17 Town Watch
19:35 Double-Bit Axe
20:08 Fletching
20:39 Scale Mail Armor
24:21 Chain Mail Armor
30:05 Forging
33:34 Wheelbarrow
33:29 Bow Saw
35:34 First Crusade
36:07 Stone Mining
36:08 Gold Mining
36:23 Squires
36:08 Gambesons
41:00 Imperial Age
40:01 Iron Casting
39:56 First Crusade
40:07 Arson
41:29 Hand Cart
41:03 Elite Serjeant
42:35 Plate Mail Armor
43:40 Blast Furnace
D哥
15:45 Feudal Age
16:26 Double-Bit Axe
17:17 Loom
20:20 Castle Age
18:03 Fishing Lines
18:41 Gold Mining
19:26 Scale Barding Armor
19:31 Forging
20:50 Bloodlines
21:31 Bow Saw
21:23 Gillnets
24:16 Horse Collar
27:41 Iron Casting
30:01 Scale Mail Armor
30:24 Chain Barding Armor
32:32 Fletching
35:07 Heavy Plow
37:18 Gold Shaft Mining
38:38 Wheelbarrow
41:41 Imperial Age
39:13 Stone Mining
39:36 Marauders
40:36 Hand Cart
40:08 Town Watch
42:04 Elite Tarkan
43:07 Conscription
42:08 Elite Tarkan
43:25 Plate Barding Armor
_29_3ffect_Arg
3:28 Loom
13:40 Feudal Age
16:33 Double-Bit Axe
27:21 Horse Collar
35:24 Castle Age
34:40 Gold Mining
35:19 Forging
36:15 Medium Warships
37:16 Fishing Lines
38:57 Town Watch
39:54 Gillnets
40:44 Fletching
42:09 Ballistics
42:22 Bodkin Arrow
OM | SISKO PRO
4:46 Loom
15:53 Feudal Age
17:20 Double-Bit Axe
19:51 Castle Age
18:01 Horse Collar
18:14 Gold Mining
21:14 Bow Saw
21:05 Heavy Plow
21:00 Town Watch
23:08 Wheelbarrow
22:40 Fletching
28:32 Padded Archer Armor
31:30 Hand Cart
36:27 Imperial Age
35:39 Husbandry
35:49 Bloodlines
36:10 Stone Mining
36:52 Leather Archer Armor
38:17 Chemistry
37:41 Conscription
OM | Kerry Copyto
4:02 Loom
13:58 Feudal Age
14:26 Double-Bit Axe
17:47 Fletching
26:24 Castle Age
26:38 Padded Archer Armor
26:29 Crossbowman
27:05 Bodkin Arrow
27:11 Padded Archer Armor
27:19 Horse Collar
28:47 Ballistics
28:43 Leather Archer Armor
30:56 Thumb Ring
37:26 Gold Mining
40:06 Stone Mining
42:29 Bow Saw
42:20 Heavy Plow
OM | Romeo D. Sins
2:55 Loom
14:32 Feudal Age
15:21 Double-Bit Axe
15:47 Arson
16:36 Man-at-Arms
17:03 Horse Collar
18:44 Forging
19:39 Scale Mail Armor
22:54 Castle Age
23:55 Bow Saw
23:46 Heavy Plow
24:16 Chain Mail Armor
28:03 Pikeman
28:52 Gambesons
GEN0S
3:43 Loom
12:42 Feudal Age
33:53 Wheelbarrow
35:33 Castle Age
36:22 Padded Archer Armor
37:13 Fletching
37:39 Leather Archer Armor
37:32 Crossbowman
Connection lost

Rejoining the realm…

Still unreachable

The connection could not be restored.

Session expired

The server has moved on; the page needs a fresh start.